 Dungeon Crawl Stone Soup version 0.31.0-11-ge490571c62 (webtiles) character file.

Game seed: 14037906285620801520

12635 SnakkuSnakku7 the Basher (level 12, 0/89 HPs)
             Began as a Djinni Chaos Knight on Jan 28, 2024.
             Was a Plaything of Xom.
             Slain by a shadow wraith (11 damage)
             ... on level 1 of the Abyss.
             The game lasted 00:17:34 (11549 turns).

SnakkuSnakku7 the Basher (Djinni Chaos Knight)     Turns: 11549, Time: 00:17:34

Health: 0/89       AC: 18    Str: 17    XL:     12   Next: 22%
Gold:   517        EV: 11    Int: 20    God:    Xom [.*....] SH:  5 Dex: 12

rFire   + + .        a - +2 mace (protect)
rCold   + . .        w - +2 buckler
rNeg    . . .        B - +2 leather armour {rC+}
rPois   ∞            (helmet restricted)
rElec   .            A - +2 cloak {Will+}
rCorr   .            F - +0 pair of gloves
SInv    .            (boots unavailable)
Will    ++...        (no amulet)
Stlth   +            o - ring of ice
HPRegen 0.34/turn    (no ring)
MPRegen 0.00/turn

%: random rage (3%), infuse magic (-1 HP)
@: under a protective aura, flying, slowed, very slow
A: sickness immunity, fire resistance 3, cold vulnerability 1, float, innate
caster, HP casting, extra vitality 1, antennae 1, iridescent scales 1, berserk
1, clever 2, strong 1
a: Renounce Religion


You were on level 1 of the Abyss.
You worshipped Xom.
You were a plaything of Xom.
You visited 2 branches of the dungeon, and saw 11 of its levels.
You visited the Abyss 1 time.

You collected 517 gold pieces.

Inventory:

Hand Weapons
 a - a +2 mace of protection (weapon)
 u - a +4 whip of freezing
Armour
 w - a +2 buckler (worn)
 A - a +2 cloak of willpower (worn)
 B - a +2 leather armour of cold resistance (worn)
 F - a +0 pair of gloves (worn)
Jewellery
 d - a ring of positive energy
 o - a ring of ice (left hand)
 z - a +6 ring of strength
Wands
 n - a wand of flame (2)
 y - a wand of polymorph (5)
Scrolls
 b - 2 scrolls of vulnerability
 e - 3 scrolls of summoning
 g - 3 scrolls of immolation
 i - a scroll of silence
 j - 5 scrolls of teleportation
 m - 3 scrolls of blinking
 s - a scroll of enchant armour
 x - a scroll of revelation
Potions
 c - a potion of might
 f - a potion of haste
 h - a potion of lignification
 k - 3 potions of mutation {unknown}
 l - a potion of invisibility
 p - a potion of brilliance
 q - 2 potions of ambrosia
 r - 4 potions of curing
 v - a potion of resistance
 C - a potion of attraction


   Skills:
 + Level 9.1 Fighting
 - Level 14.2 Maces & Flails
 - Level 1.0 Armour
 - Level 2.1 Dodging


You knew the following spells:

 Your Spells              Type           Power      Damage    Failure   Level
a - Sting                 Conj/Alch      0%         1d3       30%         1
b - Jinxbite              Hex            0%         N/A       43%         2
c - Gell's Gravitas       Tloc           0%         N/A       67%         3
d - Vampiric Draining     Necr           0%         2d6       67%         3
e - Cause Fear            Hex            0%         N/A       97%         4
Your spell library was empty.

Dungeon Overview and Level Annotations

Branches:
Dungeon (10/15)            Temple (0/1) D:4            Lair (1/5) D:8
    Orc (0/2) D:9

Altars:
Fedhas
Makhleb
Okawaru
Wu Jian
Zin

Shops:
D:10 *

Annotations:
Lair:1 Sonja


Innate Abilities, Weirdness & Mutations

You are immune to sickness and miasma.
You are immune to poison.
Your flesh is almost immune to the effects of heat. (rF+++)
You are vulnerable to cold. (rC-)
You float through the air rather than walking.
You learn spells naturally, not from books.
Your magical power is your life essence.
You have superior vitality. (+4 MHP)
You have a pair of small antennae on your head.
You are partially covered in iridescent scales. (AC +2)
You sometimes lose your temper in combat.
Your mind is very acute. (Int +8, Str/Dex -2)
Your muscles are strong. (Str +4, Int/Dex -1)


Message History

You are exhausted.
You feel yourself slow down.
You start resting.
You feel yourself speed up.
You start resting.
You recover from your berserk rage.
You hear a chilling moan.
Something hits you!
Deactivating autopickup; reactivate with Ctrl-A.
You hit something.
Your weapon exudes an aura of protection.
Something hits you but does no damage.
You hit something but do no damage. You hit something. Something hits you!
Something drains your vigour!
You feel yourself slow down.
You hit something. Something hits you but does no damage.
You hit something but do no damage. Something hits you!
You barely miss something. Something hits you but does no damage.
You block something's attack.
You sock something! Something hits you! Something drains your vigour!
You feel as though you will be slow longer.
You hit something but do no damage. Something hits you but does no damage.
You hit something but do no damage. Something hits you!!
Something drains your vigour!
You feel as though you will be slow longer.
You hit something. Something hits you.
* * * LOW HITPOINT WARNING * * *
Something drains your vigour!
You feel as though you will be slow longer.
You hit something but do no damage. Something hits you!
* * * LOW HITPOINT WARNING * * *
Something drains your vigour!
You feel as though you will be slow longer.
You hit something but do no damage. Something hits you.
* * * LOW HITPOINT WARNING * * *
Something drains your vigour!
You feel as though you will be slow longer.
Something hits you!
You die... "What!?
That's it?"

### ## ###.##
.#
#....##.####.#
###..{@.......
##.#######...
#. .# ###
#......... #.
##. .## ## ..
#### ....# .#.
...### #.. # #
. #. . . #.#


There were no monsters in sight!

Vanquished Creatures
  A large abomination (Abyss:1)
  Maurice (D:7)
  A black mamba (Lair:1)
  Joseph (D:9)
  3 cane toads (Lair:1)
  A komodo dragon (Lair:1)
  A freezing wraith (Abyss:1)
  3 kobold demonologists (D:9)
  An unseen horror (D:10)
  A troll (D:10)
  Prince Ribbit (D:9)
  2 hornets
  A blink frog (D:8)
  A wyvern (D:9)
  3 steam dragons
  19 yaks
  A basilisk (Lair:1)
  5 water moccasins
  4 orc warriors (D:9)
  An ice beast (D:5)
  2 sky beasts (D:7)
  4 wolves (Lair:1)
  6 centaurs
  2 kobold brigands
  4 bullfrogs
  2 scorpions
  16 killer bees
  A howler monkey (D:10)
  A lava snake (D:10)
  6 hounds
  3 bombardier beetles
  2 jellies
  7 orc priests
  2 iguanas
  4 sleepcaps
  Terence (D:2)
  8 orc wizards
  11 adders
  3 gnolls (D:5)
  A shadow imp (D:6)
  2 white imps
  2 ufetubi (D:5)
  2 dart slugs
  46 orcs
  5 endoplasms
  12 goblins
  7 hobgoblins
  3 jackals (D:2)
  2 quokkas
  11 ball pythons
  5 bats
  6 frilled lizards
  10 kobolds
  3 rats
254 creatures vanquished.

Vanquished Creatures (collateral kills)
  A gnoll (D:5)
1 creature vanquished.

Vanquished Creatures (others)
  An orc wizard (D:4)
  Robin (D:4)
  An orc (D:4)
  An endoplasm (D:4)
  2 goblins (D:4)
  2 hobgoblins (D:4)
8 creatures vanquished.

Grand Total: 263 creatures vanquished

Notes
Turn   | Place    | Note
-------+----------+-------------------------------------------
     0 | D:1      | SnakkuSnakku7 the Djinni Chaos Knight began the quest for
                  | the Orb.
     0 | D:1      | Reached XP level 1. HP: 20/20 MP: 0/0
   130 | D:1      | XOM: divination: magic mapping
   132 | D:1      | Reached XP level 2. HP: 23/25 MP: 0/0
   273 | D:1      | Reached skill level 3 in Maces & Flails
   534 | D:2      | XOM: polymorph endoplasm -> endoplasm
   552 | D:2      | Reached XP level 3. HP: 26/30 MP: 0/0
   552 | D:2      | Learned a level 1 spell: Sting
   645 | D:2      | XOM: torment (16/30 hp)
   767 | D:2      | Noticed Terence
   788 | D:2      | Killed Terence
   789 | D:2      | Reached skill level 4 in Maces & Flails
   789 | D:2      | Reached XP level 4. HP: 18/35 MP: 0/0
   866 | D:3      | XOM: stealth player
   883 | D:3      | XOM: chaos upgrade
   907 | D:3      | Reached XP level 5. HP: 19/40 MP: 0/0
   907 | D:3      | Learned a level 2 spell: Jinxbite
  1459 | D:4      | Noticed Robin
  1468 | D:4      | Killed Robin
  1468 | D:4      | XOM: destruction
  1670 | D:4      | Reached skill level 5 in Maces & Flails
  1670 | D:4      | XOM: summons 4 hostile shadow creatures
  1680 | D:4      | XOM: polymorph gnoll -> quokka
  1748 | D:4      | Reached XP level 6. HP: 45/46 MP: 0/0
  1846 | D:4      | XOM: confuse monster(s)
  1923 | D:4      | XOM: 7-stop teleportation journey
  2112 | D:4      | Found a staircase to the Ecumenical Temple.
  2173 | D:5      | Entered Level 5 of the Dungeon
  2186 | D:5      | XOM: summons 6 friendly demons
  2188 | D:5      | Reached skill level 6 in Maces & Flails
  2192 | D:5      | Reached XP level 7. HP: 38/50 MP: 0/0
  2192 | D:5      | Learned a level 3 spell: Gell's Gravitas
  2569 | D:5      | XOM: summons 2 friendly demons
  2606 | D:5      | XOM: scenery: 1 doors open, 1 doors close
  2684 | D:5      | Found an iron altar of Okawaru.
  2688 | D:5      | Found a glowing silver altar of Zin.
  2797 | D:5      | Reached skill level 7 in Maces & Flails
  2821 | D:5      | XOM: give mutation
  2821 | D:5      | Gained mutation: Your health recovers twice as slowly from
                  | being drained. [Xom's mischief]
  3188 | D:6      | Reached XP level 8. HP: 48/56 MP: 0/0
  3430 | D:6      | Reached skill level 8 in Maces & Flails
  3567 | D:6      | XOM: divination: detect creatures
  3693 | D:6      | XOM: smoke on damage
  3706 | D:6      | XOM: silly message
  3714 | D:6      | XOM: smoke on damage
  3961 | D:6      | XOM: silly message
  4030 | D:7      | XOM: potion effect (brilliance)
  4033 | D:6      | XOM: potion effect (curing)
  4116 | D:6      | XOM: swap monsters
  4121 | D:6      | XOM: give mutations
  4121 | D:6      | Gained mutation: Your muscles are strong. (Str +4, Int/Dex
                  | -1) [Xom's mischief]
  4121 | D:6      | Gained mutation: Your spells are a little harder to cast,
                  | but a little more powerful. [Xom's mischief]
  4121 | D:6      | Gained mutation: Your flesh is almost immune to the effects
                  | of heat. (rF+++) [Xom's mischief]
  4128 | D:6      | Reached skill level 9 in Maces & Flails
  4207 | D:6      | XOM: give mutations
  4207 | D:6      | Gained mutation: Your body sometimes deteriorates upon
                  | taking damage. [Xom's mischief]
  4207 | D:6      | Lost mutation: Your spells are a little harder to cast, but
                  | a little more powerful. [Xom's mischief]
  4207 | D:6      | Gained mutation: You have a pair of small antennae on your
                  | head. [Xom's mischief]
  4247 | D:6      | XOM: give mutation
  4247 | D:6      | Gained mutation: Armour fits poorly on your strangely
                  | shaped body. [Xom's mischief]
  4258 | D:7      | Reached XP level 9. HP: 5/60 MP: 0/0
  4258 | D:7      | Learned a level 3 spell: Vampiric Draining
  4934 | D:7      | Noticed Maurice
  4938 | D:7      | Maurice stole a +0 flail
  4941 | D:7      | Maurice stole 315 gold
  4943 | D:7      | Killed Maurice
  4944 | D:7      | Reached skill level 10 in Maces & Flails
  5000 | D:7      | XOM: confusion (+ monsters)
  5001 | D:7      | XOM: scenery: summon butterflies
  5002 | D:7      | XOM: enchant monster (bad)
  5008 | D:7      | XOM: give mutations
  5008 | D:7      | Gained mutation: You possess an exceptional clarity of
                  | mind. [Xom's mischief]
  5008 | D:7      | Lost mutation: Your health recovers twice as slowly from
                  | being drained. [Xom's mischief]
  5008 | D:7      | Gained mutation: Your spells are a little harder to cast,
                  | but a little more powerful. [Xom's mischief]
  5013 | D:7      | XOM: silly message
  5340 | D:8      | Found a staircase to the Lair.
  5448 | D:8      | Reached skill level 11 in Maces & Flails
  5478 | D:8      | HP: 2/60 [killer bee (5)]
  5727 | D:8      | Reached XP level 10. HP: 44/67 MP: 0/0
  5915 | D:8      | Found an ornate altar of the Wu Jian Council.
  6240 | D:8      | Reached skill level 12 in Maces & Flails
  6249 | D:8      | XOM: cast spell 'Fugue of the Fallen'
  6262 | D:8      | HP: 5/100 [yak (7)]
  6486 | D:8      | XOM: torment (35/67 hp)
  6621 | D:8      | XOM: noise
  6721 | D:8      | XOM: torment (30/67 hp)
  6858 | D:8      | XOM: stat loss: -1 Int (11/12)
  7244 | D:9      | Reached skill level 13 in Maces & Flails
  7256 | D:9      | Noticed a kobold demonologist
  7257 | D:9      | Noticed a rust devil
  7258 | D:9      | XOM: chaos upgrade
  7259 | D:9      | Noticed a kobold demonologist
  7259 | D:9      | Noticed a kobold demonologist
  7260 | D:9      | XOM: summons 10 friendly demons
  7318 | D:9      | XOM: confuse monster(s)
  7331 | D:9      | Killed a kobold demonologist
  7366 | D:9      | Noticed Joseph
  7376 | D:9      | XOM: cast spell 'Summon Small Mammal'
  7382 | D:9      | XOM: summons friendly quasit
  7387 | D:9      | Killed Joseph
  7388 | D:9      | Reached XP level 11. HP: 24/71 MP: 0/0
  7388 | D:9      | Learned a level 4 spell: Cause Fear
  7409 | D:9      | XOM: divination: detect creatures
  7791 | D:9      | Noticed Prince Ribbit
  7819 | D:9      | Killed Prince Ribbit
  7908 | D:9      | XOM: silly message
  8133 | D:9      | XOM: noise
  8187 | D:9      | Found a staircase to the Orcish Mines.
  8217 | D:9      | XOM: enchant monster (good)
  8238 | D:9      | XOM: silly message
  8252 | D:9      | XOM: potion effect (might)
  8369 | D:9      | XOM: divination: magic mapping
  8377 | D:9      | XOM: potion effect (berserk rage)
  8508 | D:9      | Reached skill level 14 in Maces & Flails
  8593 | D:10     | Entered Level 10 of the Dungeon
  8650 | D:10     | XOM: noise
  8693 | D:10     | XOM: silly message
  8705 | D:10     | XOM: silly message
  8720 | D:10     | XOM: scenery: 3 doors close
  8858 | D:10     | XOM: 2-stop teleportation journey
  8937 | D:10     | Found Porhuj's Elemental Accessories.
  9119 | D:10     | XOM: summons 1 hostile demon
  9197 | D:10     | Found a blossoming altar of Fedhas.
  9198 | D:10     | Found a burning altar of Makhleb.
  9274 | D:10     | Identified the +6 trident of the Messenger {venom, +Blink
                  | rPois Int-4}
  9293 | D:10     | XOM: silly message
  9642 | D:10     | XOM: cast spell 'Dispersal'
  9761 | D:10     | XOM: enchant monster (bad)
 10003 | Lair:1   | Entered Level 1 of the Lair of Beasts
 10025 | D:8      | Reached skill level 5 in Fighting
 10368 | Lair:1   | XOM: give mutations
 10368 | Lair:1   | Lost mutation: Your body sometimes deteriorates upon taking
                  | damage. [Xom's mischief]
 10369 | Lair:1   | XOM: confuse monster(s)
 10396 | Lair:1   | XOM: blink monster(s)
 10400 | Lair:1   | XOM: divination: detect creatures
 10402 | Lair:1   | XOM: polymorph yak -> wolf
 10418 | D:8      | XOM: give mutations
 10418 | D:8      | Gained mutation: You have a somewhat thin skeletal
                  | structure. (Dex +2, Stealth+) [Xom's grace]
 10418 | D:8      | Gained mutation: Your mind is acute. (Int +4, Str/Dex -1)
                  | [Xom's grace]
 10424 | D:8      | XOM: polymorph wolf -> blink frog
 10426 | D:8      | XOM: cast spell 'Metabolic Englaciation'
 10432 | D:8      | XOM: give mutations
 10432 | D:8      | Gained mutation: Your mind is very acute. (Int +8, Str/Dex
                  | -2) [Xom's grace]
 10432 | D:8      | Gained mutation: You are partially covered in iridescent
                  | scales. (AC +2) [Xom's grace]
 10652 | D:8      | XOM: enchant monster (bad)
 10681 | Lair:1   | XOM is BORED!
 10719 | D:8      | XOM: blink monster(s)
 10829 | D:8      | XOM: give mutations
 10829 | D:8      | Lost mutation: Armour fits poorly on your strangely shaped
                  | body. [Xom's mischief]
 10829 | D:8      | Lost mutation: You possess an exceptional clarity of mind.
                  | [Xom's mischief]
 10829 | D:8      | Gained mutation: You sometimes lose your temper in combat.
                  | [Xom's mischief]
 10835 | Lair:1   | XOM: chaos cloud
 10838 | Lair:1   | XOM: repel stairs
 10976 | D:8      | XOM: give mutations
 10976 | D:8      | Gained mutation: Armour fits poorly on your strangely
                  | shaped body. [Xom's mischief]
 10976 | D:8      | Lost mutation: You have a somewhat thin skeletal structure.
                  | (Dex +2, Stealth+) [Xom's mischief]
 11158 | Lair:1   | Reached XP level 12. HP: 76/85 MP: 0/0
 11177 | Lair:1   | XOM: give mutations
 11177 | Lair:1   | Lost mutation: Armour fits poorly on your strangely shaped
                  | body. [Xom's mischief]
 11177 | Lair:1   | Lost mutation: Your spells are a little harder to cast, but
                  | a little more powerful. [Xom's mischief]
 11276 | Lair:1   | XOM: noise
 11324 | Lair:1   | XOM: noise
 11330 | Lair:1   | Noticed Sonja
 11336 | Abyss:1  | Found a corrupted altar of Lugonu.
 11336 | Abyss:1  | Cast into level 1 of the Abyss (Sonja)
 11444 | Abyss:1  | XOM: enchant monster (bad)
 11456 | Abyss:1  | XOM: polymorph large abomination -> large abomination
 11549 | Abyss:1  | Slain by a shadow wraith

Illustrated notes

Levels and vault maps discovered:
D:1:      ebering_trefoil_3fold, layout_rooms, minivault_25
D:2:      layout_rooms, uniq_terence
D:3:      layout_rooms, chequers_serial_rivers_large_b, minmay_misc_feat_roman
D:4:      layout_basic, minmay_temple_entry_statues, cheibrodos_gnoll_hut,
          uniq_robin
D:5:      layout_gridville, minitemple, minivault_24
D:6:      layout_basic, serial_park_tiny_1, chequers_serial_rivers_small_b,
          minmay_misc_feat_diagonals
D:7:      layout_basic, uniq_maurice
D:8:      layout_loops_corners, marbit_many_paths, lair_entry_dummy
D:9:      layout_loops_ring, david_orc_5, minmay_misc_feat_columns, uniq_joseph,
          uniq_prince_ribbit1
D:10:     layout_stronghold, nicolae_overflow_two_pavilions,
          nicolae_elemental_shop
Lair:1:   layout_chaotic_city, lemuel_fruit_fields, serial_bayou_shore_b,
          serial_bayou_shore_a, uniq_sonja
Abyss:1:  base:
D:12

Skill      XL: |  1  2  3  4  5  6  7  8  9 10 11 12 |
---------------+-------------------------------------+-----
Maces & Flails | 3 4 5 6 7 9 11 13 14 | 14.2
Fighting       | 7 9 |  9.1
Armour         | |  1.0
Dodging        | |  2.1

Action                     |  1- 3 |  4- 6 |  7- 9 | 10-12 || total
---------------------------+-------+-------+-------+-------++-------
  Melee: Mace              |    13 |       |   242 |   882 ||  1137
         Whip              |    61 |   158 |   157 |       ||   376
         Punch             |       |     1 |     3 |       ||     4
  Evoke: Wand              |       |       |    12 |    22 ||    34
    Use: Scroll            |       |    10 |     5 |    10 ||    25
         Potion            |       |     2 |       |     2 ||     4
   Stab: Sleeping          |     1 |     1 |       |       ||     2
         Confused          |       |       |     1 |     1 ||     2
         Paralysed         |       |       |       |     6 ||     6
 Armour: Leather armour    |    45 |   110 |   276 |   495 ||   926
         Skin              |       |       |     4 |     6 ||    10
  Dodge: Dodged            |    47 |   141 |   212 |   327 ||   727
  Block: Buckler           |       |       |    46 |   215 ||   261
